 Dungeon Crawl Stone Soup version 0.31-a0-408-gb642c7f9a3 (webtiles) character file.

Game seed: 17391129952524664486

45279 floatRand the Brawler (level 14, -1/96 HPs)
             Began as a Pale Draconian Shapeshifter on July 29, 2023.
             Was a High Priest of Wu Jian.
             Splashed by a goliath frog's acid (9 damage)
             ... on level 5 of the Lair of Beasts.
             The game lasted 00:24:18 (17748 turns).

floatRand the Brawler (DrSh)                       Turns: 17748, Time: 00:24:19

Health: -1/96      AC:  1    Str: 20    XL:     14   Next: 0%
Magic:  0/23       EV: 30    Int:  8    God:    Wu Jian [*****.]
Gold:   1582       SH:  0    Dex: 15    Spells: 13/13 levels left

rFire   . .          .
                       - Unarmed
rCold   . . .        (no shield)
rNeg    . . .        (body armour unavailable)
rPois   .            (helmet restricted)
rElec   .            y - scarf {repulsion}
rCorr   .            (no gloves)
SInv    .            C - +0 pair of boots
Will    +....        e - amulet of guardian spirit
Stlth   ++           x - ring of Liberalism {MP+9 EV+5}
HPRegen 0.36/turn    s - +5 ring of evasion
MPRegen 0.18/turn

%: repel missiles, guardian spirit
@: short of breath, maw-form, corroded, in a heavenly storm, glowing
A: devouring maw, breathe steam, AC +8, unfitting armour, cold-blooded, steam
resistance
a: Breathe Steam, Begin Untransformation, Renounce Religion, Wall Jump,
Serpent's Lash, Heavenly Storm


You were on level 5 of the Lair of Beasts.
You worshipped Wu Jian.
Wu Jian was extremely pleased with you.
You were a creature with a mouth for a stomach.
You visited 3 branches of the dungeon, and saw 17 of its levels.
You also visited: Sewer, Bailey and Gauntlet.

You collected 1582 gold pieces.

Inventory:

Missiles
 k - 6 throwing nets
Armour
 w - a +0 cloak
 y - a scarf of repulsion (worn)
 C - a +0 pair of boots (worn)
Jewellery
 e - an amulet of guardian spirit (around neck)
 h - a ring of fire
 p - a ring of see invisible
 r - a ring of flight
 s - a +5 ring of evasion (right hand)
 x - the ring of Liberalism (left hand) {MP+9 EV+5}
   (You found it in a bailey)

   [ring of evasion]

   EV:        It affects your evasion (+5).
   MP:        It affects your magic capacity (+9).
 D - a ring of positive energy
Talismans
 b - a beast talisman
 d - a maw talisman
 K - a dragon-blood talisman
Wands
 f - a wand of light (18)
 g - a wand of mindburst (21)
 o - a wand of flame (32)
 A - a wand of charming (6)
 E - a wand of roots (12)
 F - a wand of polymorph (5)
 L - a wand of digging (6)
Scrolls
 i - 3 scrolls of amnesia
 n - a scroll of enchant armour
 v - 4 scrolls of teleportation
 z - 4 scrolls of revelation
 B - a scroll of fear
 G - 5 scrolls of identify
 H - 2 scrolls of blinking
 J - a scroll of summoning
 M - 2 scrolls of fog
 N - a scroll of immolation
Potions
 a - 5 potions of lignification
 c - 4 potions of curing
 j - 2 potions of attraction
 l - 7 potions of heal wounds
 m - 4 potions of enlightenment
 q - a potion of brilliance
 t - 3 potions of resistance
 u - 2 potions of haste
 I - a potion of berserk rage


   Skills:
 - Level 1.1 Fighting
 + Level 7.2 Dodging
 - Level 6.0 Stealth
 * Level 17.4 Unarmed Combat
 * Level 12.7 Shapeshifting


You had 13 spell levels left.
You didn't know any spells.
Your spell library contained the following spells:

 Spells                   Type           Power      Damage    Failure   Level
 Apportation              Tloc           0%         N/A       41%         1
 Kiss of Death            Conj/Necr      0%         2d5       41%         1
 Necrotise                Necr           0%         1d4       41%         1
 Slow                     Hex            0%         N/A       41%         1
 Summon Small Mammal      Summ           0%         N/A       41%         1
 Lesser Beckoning         Tloc           0%         N/A       54%         2
 Call Canine Familiar     Summ           0%         N/A       78%         3
 Confusing Touch          Hex            0%         N/A       78%         3
 Gell's Gravitas          Tloc           0%         N/A       78%         3
 Inner Flame              Hex/Fire       0%         N/A       78%         3
 Portal Projectile        Hex/Tloc       0%         N/A       78%         3
 Teleport Other           Tloc           0%         N/A       78%         3
 Vampiric Draining        Necr           0%         2d6       78%         3
 Dispel Undead            Necr           0%         3d6       99%         4
 Flame Wave               Conj/Fire      0%         2d4       99%         4
 Leda's Liquefaction      Hex/Erth       0%         N/A       99%         4
 Sticky Flame             Conj/Fire      0%         2d3       99%         4
 Yara's Violent Unravell  Hex/Tmut       0%         3d3       100%        5
 Enfeeble                 Hex            0%         N/A       100%        7
 Malign Gateway           Summ/Tloc      0%         N/A       100%        7
 Summon Horrible Things   Summ           0%         N/A       100%        8


Dungeon Overview and Level Annotations

Branches:
Dungeon (11/15)            Temple (1/1) D:5            Lair (5/5) D:11
  Swamp (0/4) Lair:3       Spider (0/4) Lair:3          Orc (0/2) D:9
  Sewer (visited)          Bailey (visited)         Gauntlet (visited)
  Slime: Lair:4-5

Altars:
Ashenzari
Cheibriados
Dithmenos
Elyvilon
Fedhas
Gozag
Hepliaklqana
Kikubaaqudgha
Makhleb
Nemelex Xobeh
Okawaru
Qazlal
Ru
Sif Muna
Trog
Uskayaw
Vehumet
Wu Jian
Xom
Yredelemnul
Zin
The Shining One

Annotations:
D:3 1 runed translucent door, Crazy Yiuf
Lair:1 1 runed translucent door, Qafaruso's ghost, journeyman DrAr
Lair:5 3 runed translucent doors, floatRand's ghost, journeyman DrSh


Innate Abilities, Weirdness & Mutations

You are a creature with a mouth for a stomach.
Your midsection houses a second, enormous mouth.
You can breathe blasts of scalding, opaque steam.
Your pale cyan-grey scales are hard. (AC +8)
You cannot fit into any form of body armour.
You are cold-blooded and may be slowed by cold attacks.
You are immune to the effects of steam.


Message History

The goliath frog closely misses you.
The blink frog blinks!
The cane toad closely misses you.
You punch the cane toad!
You devour the cane toad!
You feel better.
You kill the cane toad!
The Council accepts your kill.
An eight-headed hydra comes into view.
The blink frog blinks! x2
You have reached level 14!
Aiming: Bolt of Light
Press: ? - help, Shift-Dir - straight line, f - skyshark
Aim: a skyshark (79% to hit)
The bolt of light misses the goliath frog.
The bolt of light misses the bullfrog.
The bolt of light hits the skyshark!
The skyshark is lightly wounded.
The skyshark is blinded.
The eight-headed hydra roars!
The goliath frog hits you from afar!! The acid corrodes you!
You are splashed with acid!
An eight-headed hydra comes into view.
The goliath frog hits you from afar!!
You are splashed with acid!
Unknown command.
Unknown command.
Okay, then.
The air is filled with shimmering golden clouds!
Sifu Cai Fang says: The storm will not cease as long as you keep fighting, disciple!
The goliath frog completely misses you. The blink frog misses you.
The yak misses you. The goliath frog misses you. x2
Unknown command.
You hit the blink frog but do no damage.
You tail-slap the blink frog.
The blink frog is lightly wounded.
The blink frog blinks!
The yak completely misses you. The goliath frog hits you from afar!
* * * LOW HITPOINT WARNING * * *
The acid corrodes you!
You are splashed with acid!
* * * LOW HITPOINT WARNING * * *
The goliath frog hits you from afar!
* * * LOW HITPOINT WARNING * * *
You are splashed with acid!
You die...

♣)....+....##
...)..+...##
♣)..DD+.†.#
#~..DW#...#
##.♣♣##...### #
###......##
#.F☼......#
##§§......#
#W#.....#P#
§~..FFY##....####


~.F~FFy #....# ~.h...# ......# ≈~.~.. ......## ~~D~.. ..$... l~~.. .....# #D~..
You could see 2 goliath frogs, a yak, a blink frog and a vampire mosquito.

Vanquished Creatures
  A quicksilver ooze (Gauntlet)
  A minotaur (Gauntlet)
  Harold (D:9)
  A hydra (Lair:2)
  Erica (D:9)
  2 catoblepae
  A two-headed ogre (D:11)
  5 death yaks (Lair:2)
  A lindwurm (Lair:4)
  Pikel (D:9)
  2 oklob plants (D:11)
  A cyclops (D:11)
  25 elephants
  An ice statue (Gauntlet)
  2 molten gargoyles
  A black mamba (Lair:4)
  Maurice (D:8)
  A gargoyle (D:10)
  An eye of devastation (Gauntlet)
  2 torpor snails
  A minotaur zombie (Gauntlet)
  11 cane toads
  3 rime drakes
  6 komodo dragons
  3 trolls
  A polar bear (Lair:1)
  2 hornets
  4 blink frogs (Lair:3)
  5 jumping spiders (Lair:3)
  2 slime creatures (D:7)
  2 dream sheep (Lair:1)
  Sigmund (D:5)
  A wraith (D:11)
  A wyvern (Lair:1)
  33 yaks
  Eustachio (D:5)
  4 basilisks
  2 golden eyes (Gauntlet)
  2 redbacks (Lair:3)
  3 vampire mosquitoes (D:11)
  3 steam dragons
  An acid dragon (D:10)
  7 water moccasins
  2 ice beasts
  2 black bears
  7 orc warriors
  A swamp drake (D:9)
  2 sky beasts (D:7)
  14 wolves
  3 ogres
  5 centaurs
  7 kobold brigands
  2 lemures (D:9)
  13 bullfrogs
  A gnoll sergeant (D:6)
  3 scorpions
  5 wights (D:8)
  11 killer bees
  A howler monkey (D:3)
  5 lava snakes (Lair:3)
  3 hounds
  9 orc priests
  A gnoll bouda (D:7)
  A jelly (D:4)
  2 iguanas
  Jessica (D:2)
  A sleepcap (D:3)
  Ijyb (D:5)
  10 orc wizards
  5 hell rats (Lair:3)
  Robin (D:2)
  7 gnolls (D:6)
  13 adders
  5 river rats (Sewer)
  2 white imps (D:7)
  3 worms
  38 orcs
  12 endoplasms
  3 giant cockroaches
  12 goblins
  9 hobgoblins
  3 jackals
  8 quokkas
  14 ball pythons
  2 bats
  3 frilled lizards
  25 kobolds
  26 rats
  A butterfly (D:5)
456 creatures vanquished.

Notes
Turn   | Place    | Note
-------+----------+-------------------------------------------
     0 | D:1      | floatRand the Draconian Shapeshifter began the quest for
                  | the Orb.
     0 | D:1      | Reached XP level 1. HP: 16/16 MP: 1/1
   126 | D:1      | Reached XP level 2. HP: 23/23 MP: 2/2
   495 | D:1      | Found a faded altar of an unknown god.
   672 | D:2      | Reached XP level 3. HP: 26/28 MP: 3/3
   727 | D:2      | Noticed Jessica
   732 | D:2      | Reached skill level 4 in Unarmed Combat
   734 | D:2      | Killed Jessica
  1386 | D:3      | Reached XP level 4. HP: 35/35 MP: 4/4
  1388 | D:3      | Noticed Robin
  1508 | D:2      | Killed Robin
  1729 | D:2      | Reached skill level 5 in Unarmed Combat
  1729 | D:2      | Reached XP level 5. HP: 10/40 MP: 2/5
  1981 | D:3      | Found a runed translucent door.
  1982 | D:3      | Noticed Crazy Yiuf
  2594 | D:4      | Noticed an ogre
  2600 | D:4      | Killed an ogre
  2601 | D:4      | Reached skill level 6 in Unarmed Combat
  2601 | D:4      | Reached XP level 6. HP: 47/47 MP: 6/6
  3511 | D:5      | Entered Level 5 of the Dungeon
  3519 | D:5      | Your scales start taking on a pale cyan-grey colour.
  3519 | D:5      | Reached XP level 7. HP: 50/52 MP: 7/7
  3519 | D:5      | Gained mutation: You are immune to the effects of steam.
                  | [Pale Draconian growth]
  3686 | D:5      | Reached skill level 7 in Unarmed Combat
  3793 | D:5      | Found a staircase to the Ecumenical Temple.
  3801 | Temple   | Entered the Ecumenical Temple
  3808 | Temple   | Became a worshipper of the Wu Jian Council
  3929 | D:5      | Found a glowing drain.
  3945 | Sewer    | Entered a sewer
  4155 | Sewer    | Reached * piety under Wu Jian
  4230 | Sewer    | Reached skill level 5 in Shapeshifting
  4520 | D:5      | Noticed Sigmund
  4533 | D:5      | Killed Sigmund
  4534 | D:5      | Reached skill level 8 in Unarmed Combat
  4609 | D:5      | Reached XP level 8. HP: 59/59 MP: 8/8
  4651 | D:5      | Noticed Eustachio
  4665 | D:5      | Killed Eustachio
  4676 | D:5      | Noticed Ijyb
  4683 | D:5      | Killed Ijyb
  5222 | D:6      | Reached skill level 9 in Unarmed Combat
  5619 | D:6      | Reached ** piety under Wu Jian
  5629 | D:6      | Reached skill level 10 in Unarmed Combat
  6016 | D:7      | Reached XP level 9. HP: 48/64 MP: 6/9
  6502 | D:7      | Noticed a troll
  6507 | D:7      | Killed a troll
  6508 | D:7      | Reached skill level 11 in Unarmed Combat
  7091 | D:8      | Reached *** piety under Wu Jian
  7225 | D:8      | Noticed Maurice
  7234 | D:8      | Killed Maurice
  7235 | D:8      | Reached skill level 12 in Unarmed Combat
  7235 | D:8      | Reached XP level 10. HP: 43/71 MP: 8/10
  7300 | D:8      | Found a flagged portal.
  7309 | Bailey   | Entered a bailey
  7454 | Bailey   | Identified the ring of Liberalism {MP+9 EV+5}
  7824 | Bailey   | Found a burning altar of Makhleb.
  8356 | D:9      | Noticed Pikel
  8379 | D:9      | Killed Pikel
  8542 | D:9      | Found a blossoming altar of Fedhas.
  8542 | D:9      | Found a glowing golden altar of the Shining One.
  8549 | D:9      | Found a shimmering altar of Xom.
  8549 | D:9      | Found an opulent altar of Gozag.
  8553 | D:9      | Noticed Erica
  8570 | D:9      | Killed Erica
  8571 | D:9      | Reached skill level 13 in Unarmed Combat
  8813 | D:9      | Noticed Harold
  8836 | D:9      | Identified the +2 hand axe of Yssam {flame, Stlth+}
  8915 | D:9      | Killed Harold
  9195 | D:9      | Found a staircase to the Orcish Mines.
  9200 | D:9      | Reached **** piety under Wu Jian
  9409 | D:9      | Reached skill level 14 in Unarmed Combat
  9410 | D:9      | Reached XP level 11. HP: 62/77 MP: 11/11
  9811 | D:10     | Entered Level 10 of the Dungeon
 10249 | D:10     | Reached skill level 1 in Stealth
 10734 | D:11     | Found a staircase to the Lair.
 11000 | D:11     | Noticed a two-headed ogre
 11006 | D:11     | Killed a two-headed ogre
 11158 | D:11     | Found a gate leading to a gauntlet.
 11167 | Gauntlet | Entered a Gauntlet
 11167 | Gauntlet | Found a large runed translucent door.
 11167 | Gauntlet | Found a large runed translucent door.
 11167 | Gauntlet | Found a large runed translucent door.
 11167 | Gauntlet | Found a large runed translucent door.
 11167 | Gauntlet | Found a large runed translucent door.
 11167 | Gauntlet | Found a large runed translucent door.
 11167 | Gauntlet | Found a large runed translucent door.
 11167 | Gauntlet | Found a large runed translucent door.
 11167 | Gauntlet | Found a runed translucent door.
 11167 | Gauntlet | Found a runed translucent gate.
 11167 | Gauntlet | Found a transporter.
 11167 | Gauntlet | Found a transporter.
 11167 | Gauntlet | Found a runed translucent gate.
 11167 | Gauntlet | Found a transporter.
 11171 | Gauntlet | Found a transporter.
 11171 | Gauntlet | Found a transporter.
 11172 | Gauntlet | Found a runed translucent gate.
 11172 | Gauntlet | Found a runed translucent door.
 11174 | Gauntlet | Noticed a sixfirhy
 11176 | Gauntlet | Found a large runed translucent door.
 11176 | Gauntlet | Found a large runed translucent door.
 11178 | Gauntlet | Found a large runed translucent door.
 11180 | Gauntlet | Noticed a sixfirhy
 11181 | Gauntlet | Found a transporter.
 11192 | Gauntlet | Found a transporter.
 11194 | Gauntlet | Found a transporter.
 11206 | Gauntlet | Found a transporter.
 11206 | Gauntlet | Found a transporter.
 11209 | Gauntlet | Noticed a quicksilver ooze
 11222 | Gauntlet | Found a transporter.
 11235 | Gauntlet | Found a transporter.
 11311 | Gauntlet | Found a large runed translucent door.
 11311 | Gauntlet | Found a large runed translucent door.
 11312 | Gauntlet | Found a large runed translucent door.
 11313 | Gauntlet | Found a large runed translucent door.
 11313 | Gauntlet | Found a large runed translucent door.
 11541 | Gauntlet | Reached skill level 10 in Shapeshifting
 11680 | Gauntlet | Killed a quicksilver ooze
 11681 | Gauntlet | Reached skill level 15 in Unarmed Combat
 11777 | Gauntlet | Noticed a minotaur
 11788 | Gauntlet | Killed a minotaur
 11789 | Gauntlet | Reached XP level 12. HP: 83/83 MP: 12/12
 12043 | D:11     | Identified the +3 rapier of the Tomato {heavy, rCorr}
 12625 | Lair:1   | Entered Level 1 of the Lair of Beasts
 12672 | Lair:1   | Reached ***** piety under Wu Jian
 12824 | Lair:1   | Found a runed translucent door.
 12827 | Lair:1   | Noticed Qafaruso's ghost (journeyman DrAr)
 13392 | Lair:1   | Identified the +1 robe of a wizard's laboratory {rElec rC-
                  | rN++ Int+4}
 13724 | Lair:2   | Reached skill level 5 in Dodging
 13737 | Lair:2   | Reached skill level 5 in Stealth
 14069 | Lair:2   | Noticed a four-headed hydra
 14078 | Lair:2   | Killed a four-headed hydra
 14165 | Lair:2   | Noticed a death yak
 14166 | Lair:2   | Noticed a death yak
 14167 | Lair:2   | Noticed a death yak
 14167 | Lair:2   | Noticed a death yak
 14167 | Lair:2   | Noticed a death yak
 14204 | Lair:2   | Killed a death yak
 14205 | Lair:2   | Reached skill level 16 in Unarmed Combat
 14272 | Lair:2   | Killed a death yak
 14283 | Lair:2   | Killed a death yak
 14286 | Lair:2   | Killed a death yak
 14291 | Lair:2   | Killed a death yak
 14515 | Lair:2   | Noticed a catoblepas
 14795 | Lair:2   | Reached XP level 13. HP: 89/89 MP: 13/13
 15736 | Lair:3   | Found a hole to the Spider Nest.
 15832 | Lair:3   | Found a staircase to the Swamp.
 17048 | Lair:4   | Reached ****** piety under Wu Jian
 17049 | Lair:4   | Reached skill level 17 in Unarmed Combat
 17269 | Lair:4   | Identified the +1 great sword "Heco" {venom, rElec Will+
                  | rCorr}
 17686 | Lair:5   | Entered Level 5 of the Lair of Beasts
 17687 | Lair:5   | Found a runed translucent gate.
 17690 | Lair:5   | Noticed floatRand's ghost (journeyman DrSh)
 17691 | Lair:5   | Found a runed translucent gate.
 17692 | Lair:5   | Found a runed translucent gate.
 17746 | Lair:5   | Reached XP level 14. HP: 85/96 MP: 13/14
 17748 | Lair:5   | Splashed by a goliath frog's acid

Illustrated notes

Levels and vault maps discovered:
D:1:      roderic_crossed_star, layout_rooms,
          shapermc_ecumenical_altar_notcrosses
D:2:      layout_basic, uniq_jessica
D:3:      layout_basic, nicolae_elevator_lobby_plus, uniq_robin,
          uniq_crazy_yiuf_cottage
D:4:      minmay_thick_lines, layout_basic
D:5:      layout_loops_corners, minmay_temple_entry_butterflies,
          portal_sewer_entry_d, dreamdust_princess_bridge, uniq_eustachio,
          uniq_sigmund, uniq_ijyb
D:6:      layout_basic
D:7:      layout_loops_cross, hangedman_minor_gate_pass
D:8:      layout_loops_ring, enter_bailey_8, amethyst_killhole, uniq_maurice
D:9:      layout_irregular_city, grunt_temple_overflow_open, erik_orc_1,
          uniq_harold, uniq_erica, uniq_pikel
D:10:     layout_irregular_city
D:11:     layout_basic, dpeg_oklobed_lair, gauntlet_entry_generic
Temple:   nicolae_temple_no_exploring_needed
Lair:1:   layout_regular_city, hellmonk_ghost_happy_afterlife, serial_rivers,
          chequers_serial_rivers_micro_b, chequers_serial_rivers_small_a,
          chequers_serial_rivers_small_b, chequers_serial_rivers_large_b,
          chequers_serial_rivers_micro_b, chequers_serial_rivers_small_b
Lair:2:   layout_roguey, infiniplex_staircase_pool
Lair:3:   cheibrodos_magma_flow, layout_chaotic_city, swamp_mist_pool,
          nicolae_spider_entry_tight_spaces, serial_rivers,
          chequers_serial_rivers_micro_c, chequers_serial_rivers_small_b,
          chequers_serial_rivers_small_b, chequers_serial_rivers_micro_b,
          chequers_serial_rivers_small_a, minmay_stone_trees_small
Lair:4:   layout_roguey, grunt_megastairs_4
Lair:5:   minmay_lair_end_frog_pond, layout_misc_corridors, slime_entry_1,
          gammafunk_ghost_hydra_chop

Skill      XL: |  1  2  3  4  5  6  7  8  9 10 11 12 13 |
---------------+----------------------------------------+-----
Unarmed Combat | 4 5 6 8 10 12 14 15 16 17 | 17.4
Shapeshifting  | 4 5 6 7 8 10 11 12 | 12.7
Dodging        | 4 5 7 |  7.2
Stealth        | 3 5 6 |  6.0
Fighting       | |  1.1

Action                     |  1- 3 |  4- 6 |  7- 9 | 10-12 | 13-15 || total
---------------------------+-------+-------+-------+-------+-------++-------
  Melee: Unarmed           |    69 |   156 |   277 |   508 |   350 ||  1360
         Tailslap          |     7 |    14 |    28 |    97 |    76 ||   222
         Punch             |       |     4 |    11 |    51 |    52 ||   118
         Maw               |       |       |       |    97 |    88 ||   185
 Invoke: Heavenly Storm    |       |       |       |       |     1 ||     1
Ability: Lunge             |       |       |    33 |    19 |    13 ||    65
         Breathe Steam     |       |       |    20 |    21 |     4 ||    45
         Whirlwind         |       |       |    10 |    15 |    10 ||    35
  Evoke: Wand              |       |       |       |       |     3 ||     3
    Use: Scroll            |       |     6 |     9 |     9 |     1 ||    25
         Potion            |       |       |       |     3 |       ||     3
   Stab: Sleeping          |     1 |     1 |     2 |     6 |     6 ||    16
 Armour: Skin              |    19 |    62 |    71 |    49 |    75 ||   276
  Dodge: Dodged            |    24 |   111 |   136 |   354 |   342 ||   967
         Repelled          |       |       |       |     3 |       ||     3
         Form:             |       |       |       |     1 |       ||     1
         Maw               |       |       |       |     1 |       ||     1

Table legend: (Time is in decaauts)
 A = Elapsed time spent in this place.
 B = Non-inter-level travel time spent in this place.
 C = Inter-level travel time spent in this place.
 D = Time resting spent in this place.
 E = Time spent auto-exploring this place.
 F = Levels seen in this place.
 G = Mean time per level.
                   A        B        C        D        E       F      G
               +--------+--------+--------+--------+--------+-----+--------+
         Total |  17611 |  16701 |    910 |   2420 |   9623 |  20 |  880.5 |
       Dungeon |  11114 |  10353 |    761 |    996 |   6649 |  11 | 1010.4 |
        Temple |     14 |     14 |      0 |      0 |      0 |   1 |   14.0 |
          Lair |   4676 |   4528 |    148 |    615 |   2700 |   5 |  935.2 |
         Sewer |    433 |    433 |      0 |     43 |    206 |   1 |  433.0 |
        Bailey |    594 |    594 |      0 |    344 |     66 |   1 |  594.0 |
      Gauntlet |    777 |    777 |      0 |    422 |      0 |   1 |  777.0 |
               +--------+--------+--------+--------+--------+-----+--------+

Top non-repeatable levels by time:
     D:9: 1494 daAuts
  Lair:3: 1312 daAuts
     D:2: 1273 daAuts
  Lair:2: 1271 daAuts
     D:5: 1164 daAuts
    D:11: 1123 daAuts
  Lair:1: 1123 daAuts
     D:7: 1018 daAuts
     D:6: 1017 daAuts
     D:4: 997 daAuts
  Lair:4: 914 daAuts
    D:10: 854 daAuts
     D:8: 809 daAuts
Gauntlet: 777 daAuts
     D:3: 775 daAuts
